 Dungeon Sprint DCSS version 0.21-a0-278-ga722497 (webtiles) character file.

37 Kidiri the Covered (level 3, -1/25 HPs)
             Began as a Gargoyle Fighter on Sept 20, 2017.
             Killed by nerve-wracking pain
             ... invoked by an orc priest
              (7 damage)
             ... in the Dungeon (Sprint IX: "|||||||||||||||||||||||||||||").
             The game lasted 00:00:31 (75 turns).

Kidiri the Covered (Gargoyle Fighter)                 Turns: 75, Time: 00:00:32

Health: -1/25      AC: 10    Str: 20    XL:     3   Next: 39%
Magic:  3/3        EV:  8    Int:  8    God:
Gold:   0          SH:  9    Dex:  9    Spells: 2/2 levels left

rFire    . . .     SeeInvis .   a - +0 flail
rCold    . . .     Gourm    .   c - +0 shield
rNeg     + . .     Faith    .   b - +0 scale mail
rPois    ∞         Spirit   .   (no helmet)
rElec    +         Reflect  .   (no cloak)
rCorr    .         Harm     .   (no gloves)
MR       .....     NoTele   +   (no boots)
Stlth    ..........             (no amulet)
HPRegen  0.08/turn              (no ring)
MPRegen  0.08/turn              (no ring)

@: no status effects
A: negative energy resistance 1, electricity resistance, unbreathing,
petrification resistance, rot immunity, AC +3
a: no special abilities


You were in the Dungeon.
You were not hungry.

You visited 1 branch

Inventory:

Hand Weapons
 a - a +0 flail (weapon)
Armour
 b - a +0 scale mail (worn)
 c - a +0 shield (worn)
Scrolls
 k - a scroll of blinking
Potions
 d - a potion of might
 e - a potion of curing
 g - a potion of heal wounds
 h - a potion of haste
 i - 2 potions of magic
 j - a potion of berserk rage
Comestibles
 f - a bread ration
 l - 3 chunks of flesh


   Skills:
 * Level 4.9 Fighting
 + Level 2.7 Maces & Flails
 * Level 4.9 Armour
 + Level 1.3 Dodging
 * Level 4.9 Shields


You had 2 spell levels left.
You didn't know any spells.

Dungeon Overview and Level Annotations

Branches:
Dungeon (1/1)

Altars:


Innate Abilities, Weirdness & Mutations

You are resistant to torment.
Your stone body is resilient. (AC +3)
You are immune to poison.
You resist negative energy. (rN+)
You are resistant to electric shocks. (rElec)
You can survive without breathing.
You are immune to petrification.
You are immune to rotting.


Message History

The jackal skeleton bites you but does no damage.
You thump the jackal skeleton!
You destroy the jackal skeleton!
The orc priest mumbles some strange prayers to Beogh against you.
Pain shoots through your body!
The orc priest hits you but does no damage.
There is an open door here.
You see here a hound corpse.
Unknown command.
You hit the orc priest but do no damage.
The orc priest begins to cast a cantrip, but forgets the words!
You sock the orc priest!
The orc priest is heavily wounded.
The orc priest mumbles some strange prayers to Beogh against you.
Beogh smites you!
Ouch! That really hurt!
* * * LOW HITPOINT WARNING * * *
The orc priest calls down the wrath of Beogh upon you.
Pain shoots through your body!
You die... ▓▓▓▓▓▓▓▓▓▓▓▓▓▓▓▓▓▓ ▓<...).....@oZ...+ ▓▓▓▓▓▓▓▓▓▓▓▓▓▓▓▓▓▓

You could see an orc priest and a jackal skeleton.

Vanquished Creatures
  A hound (D)
  2 bats (D)
  A goblin (D)
  A hobgoblin (D)
  A frilled lizard (D)
  A jackal skeleton (D)
  A rat (D)
8 creatures vanquished.

Notes
Turn   | Place    | Note
-------+----------+-------------------------------------------
     0 | D        | Kidiri the Gargoyle Fighter began the quest for the Orb.
     0 | D        | Reached XP level 1. HP: 14/14 MP: 1/1
    59 | D        | Noticed a hound
    59 | D        | Noticed an orc priest
    64 | D        | Reached XP level 2. HP: 20/20 MP: 2/2
    69 | D        | Reached skill level 1 in Dodging
    69 | D        | Reached XP level 3. HP: 23/25 MP: 3/3
    75 | D        | Killed from afar by an orc priest

Vault maps used:
D:        linesprint

Skill      XL: |  1  2 |
---------------+-------+-----
Fighting       | 4 |  4.9
Armour         | 4 |  4.9
Dodging        | 1 |  1.3
Shields        | 4 |  4.9
Maces & Flails | |  2.7

Action                   || total
-------------------------++-------
Melee: Flail             ||    36
Armor: Scale mail        ||    27
Dodge: Dodged            ||     6
Block: Shield            ||    16

Table legend:
 A = Spawn XP
 B = Non-spawn XP
 C = Spawn XP percentage of total XP
 D = Spawn monster count
 E = Non-spawn monster count
 F = Spawn count percentage of total count
 G = Total turns spent on level
                    A         B        C        D         E        F      G
               +---------+---------+-------+---------+---------+-------+---------
         Total |       0 |      53 |   0.0 |       0 |       8 |   0.0 |    75
               +---------+---------+-------+---------+---------+-------+---------
             D |       0 |      53 |   0.0 |       0 |       8 |   0.0 |    75
               +---------+---------+-------+---------+---------+-------+---------
